 Dungeon Crawl Stone Soup version 0.18-a0-19-g8b99b3a (webtiles) character file.

4160 SlimeFever the Tainter (level 10, 0/73 HPs)
             Began as a Demonspawn Venom Mage on Nov 1, 2015.
             Was a Believer of Sif Muna.
             Slain by an orc knight
             ... wielding a +0 war axe
              (14 damage)
             ... in a bailey.
             The game lasted 01:04:53 (6613 turns).

SlimeFever the Tainter (Demonspawn Venom Mage)      Turns: 6613, Time: 01:04:55

Health: 0/73       AC: 13    Str: 10 (11) XL:     10   Next: 7%
Magic:  16/19      EV: 22    Int: 22      God:    Sif Muna [**....]
Gold:   369        SH:  0    Dex: 18 (19) Spells: 7 memorised, 3 levels left

rFire  . . .     SeeInvis .     a - +6 war axe (chop)
rCold  . . .     Clarity  .     g - +3 leather armour
rNeg   . . .     SustAt   .     (no shield)
rPois  .         Gourm    .     o - +1 hat
rElec  .         Spirit   .     (no cloak)
rCorr  .         Warding  .     v - +1 pair of gloves
rMut   .         Stasis   .     B - +0 pair of boots
MR     .....                    (no amulet)
Stlth  +++.......               F - +3 ring of evasion
                                f - +3 ring of strength

@: agile, not resistant to hostile enchantments, fairly stealthy
A: hooves 1, rugged brown scales 2, blurry vision 1, clever 1, deterioration 1,
powered by pain 1, spiny 2
a: Channel Energy, Forget Spell, Renounce Religion


You were in a bailey.
You worshipped Sif Muna.
Sif Muna was pleased with you.
You were not hungry.

You visited 1 branch of the dungeon, and saw 8 of its levels.
You also visited: Bailey.

You collected 369 gold pieces.

Inventory:

Hand Weapons
 a - a +6 war axe of chopping (weapon)
 b - the +5 shortbow "Ciwoig" {freeze, Dex+5}
   (You found it on level 7 of the Dungeon)

   It causes projectiles fired from it to freeze those they strike, causing
   extra injury to most foes and up to half again as much damage against
   particularly susceptible opponents.
   They can also slow down cold-blooded creatures.
   It affects your dexterity (+5).
 l - a cursed -2 battleaxe
Missiles
 h - 93 arrows
 w - 23 poisoned needles
Armour
 g - a +3 leather armour (worn)
 o - a +1 hat (worn)
 v - a +1 pair of gloves (worn)
 B - a +0 pair of boots (worn)
Jewellery
 f - a +3 ring of strength (left hand)
 F - a +3 ring of evasion (right hand)
 G - an uncursed ring of protection from fire
Wands
 m - a wand of digging (0)
 C - a wand of fireball (4)
Scrolls
 d - a scroll of identify
 e - 3 scrolls of teleportation
 j - a scroll of amnesia
 n - 4 scrolls of remove curse
 s - a scroll of fear
Potions
 q - 2 potions of curing
 r - 2 potions of heal wounds
 t - a potion of magic {unknown}
 u - a potion of might
 x - a potion of brilliance {unknown}
 A - a potion of ambrosia {unknown}
 D - a potion of berserk rage
 E - a potion of lignification {unknown}
Books
 p - a book of Transfigurations

   Spells                             Type                      Level
   a - Stoneskin                      Transmutation/Earth          2
   b - Irradiate                      Conjuration/Transmutation    5
   c - Statue Form                    Transmutation/Earth          6
   d - Hydra Form                     Transmutation                6
   e - Dragon Form                    Transmutation                7
 y - Sif Muna's Catalogue of Displacement
   (You found it on level 6 of the Dungeon)

   Spells                             Type                      Level
   a - Apportation                    Translocation                1
   b - Shroud of Golubria             Charms/Translocation         2
   c - Blink                          Translocation                2
   d - Passage of Golubria            Translocation                4
   e - Phase Shift                    Translocation                5
 z - a Young Poisoner's Handbook

   Spells                             Type                      Level
   a - Sting                          Conjuration/Poison           1
   b - Cure Poison                    Poison                       2
   c - Mephitic Cloud                 Conjuration/Poison/Air       3
   d - Olgreb's Toxic Radiance        Poison                       4
   e - Venom Bolt                     Conjuration/Poison           5
Comestibles
 c - 5 bread rations
 i - 2 beef jerkies
 k - a meat ration


   Skills:
 + Level 3.1 Fighting
 + Level 2.6 Axes
   Level 0.3(1.6) Maces & Flails
 + Level 2.0 Bows
 + Level 4.6 Armour
 + Level 4.5 Dodging
 + Level 3.1 Stealth
 + Level 0.8 Unarmed Combat
 * Level 6.3 Spellcasting
 + Level 4.5 Conjurations
 + Level 0.5 Translocations
 + Level 1.0 Fire Magic
 + Level 1.4 Air Magic
 * Level 8.2 Poison Magic
 + Level 1.2 Evocations


You had 3 spell levels left.
You knew the following spells:

 Your Spells              Type           Power        Failure   Level  Hunger
a - Sting                 Conj/Pois      ####         1%          1    None
b - Mephitic Cloud        Conj/Pois/Air  ####....     6%          3    #......
c - Cure Poison           Pois           #####.....   1%          2    None
d - Blink                 Tloc           N/A          14%         2    None
e - Olgreb's Toxic Radia  Pois           #####...     4%          4    ###....
f - Venom Bolt            Conj/Pois      #####.....   28%         5    #####..
g - Flame Tongue          Conj/Fire      ###..        4%          1    None


Dungeon Overview and Level Annotations

Branches:
Dungeon (8/15)             Temple (0/1) D:6
   Lair: D:8-11

Altars:
Ashenzari
Dithmenos
Fedhas
Makhleb
Okawaru
Sif Muna
Yredelemnul
Zin

Shops:
D:8 (


Innate Abilities, Weirdness & Mutations

You have large cloven feet.
You are mostly covered in rugged brown scales (AC +2, +5% HP).
You sometimes gain a little power by taking damage.
You are mostly covered in sharp spines.
Scrolls take you a little longer to read.
Your mind is acute. (Int +2)
Your body sometimes deteriorates upon taking damage.


Message History

The orc knight barely misses you. The orc knight hits you with a war axe!
* * * LOW HITPOINT WARNING * * *
Your body deteriorates!
You feel clumsy. The orc knight closely misses you.
You barely miss the orc knight.
The orc knight is almost dead.
You barely miss the orc knight.
The orc knight is lightly wounded.
The orc knight hits you with a war axe!
* * * LOW HITPOINT WARNING * * *
You focus on the pain.
You feel your power returning. The orc knight closely misses you.
You feel much better.
The orc knight hits you with a war axe!!
* * * LOW HITPOINT WARNING * * *
Your body deteriorates!
You feel weakened.
You focus on the pain.
You feel your power returning.
The orc knight is struck by your spines.
The orc knight hits you with a war axe!
You die...

#...)...#
##...))).## o.
#.....)...# .g.
##.....)...## ..#
#.....⌠.....###o###
##.........##88.88#
#.........#.......
##......o##o).....
#......@ooo......
##...(.##gg......
#######.)...⌠...
##........
#........ ##.......
??...?! #?!∩?!#


You could see an orc warlord, 2 orc knights, an orc warrior (frenzied), an orc
(frenzied) and 2 hobgoblins.

Vanquished Creatures
  The ghost of st0uf the Skirmisher, a novice NaEn (D:8)
  Pikel (D:6)
  Eustachio (D:6)
  A hippogriff (D:5)
  A hungry ghost (D:7)
  The ghost of tp1 the Magician, an amateur DEFE (D:4)
  A slave (D:6)
  A sky beast (D:5)
  A phantom (D:6)
  2 orc warriors
  4 ogres
  2 centaurs
  4 giant frogs
  Blork the orc (D:4)
  3 scorpions
  A quasit (D:5)
  A wasp zombie (D:8)
  4 crimson imps
  4 hounds
  Ijyb (D:3)
  7 orc wizards
  7 worker ants
  A hound skeleton (D:5)
  Robin (D:3)
  8 adders
  20 gnolls
  An adder zombie (D:6)
  A worm (D:2)
  2 giant geckos (D:3)
  28 orcs
  A ball python (D:1)
  6 giant cockroaches
  27 goblins
  23 hobgoblins
  25 jackals
  5 quokkas
  7 bats
  6 giant newts
  7 kobolds
  8 rats
227 creatures vanquished.

Vanquished Creatures (others)
  2 jackals (D:6)
2 creatures vanquished.

Grand Total: 229 creatures vanquished

Notes
Turn   | Place    | Note
--------------------------------------------------------------
     0 | D:1      | SlimeFever the Demonspawn Venom Mage began the quest for the Orb.
     0 | D:1      | Reached XP level 1. HP: 13/13 MP: 3/3
   221 | D:1      | Gained mutation: You sometimes gain a little power by taking damage. [demonic ancestry]
   221 | D:1      | Reached XP level 2. HP: 2/19 MP: 0/5
   764 | D:1      | Gained mutation: You are partially covered in sharp spines. [demonic ancestry]
   764 | D:1      | Reached XP level 3. HP: 13/24 MP: 0/6
   996 | D:2      | Reached skill level 1 in Conjurations
  1048 | D:2      | Found a shadowy altar of Dithmenos.
  1200 | D:2      | Reached XP level 4. HP: 28/30 MP: 1/7
  1206 | D:2      | Reached skill level 1 in Armour
  1551 | D:3      | Learned a level 3 spell: Mephitic Cloud
  1967 | D:3      | Found a faded altar to an unknown god.
  2018 | D:3      | Noticed Robin
  2046 | D:3      | Killed Robin
  2118 | D:3      | Gained mutation: You are mostly covered in sharp spines. [demonic ancestry]
  2118 | D:3      | Reached XP level 5. HP: 23/35 MP: 6/8
  2153 | D:3      | Noticed Ijyb
  2225 | D:3      | Killed Ijyb
  2225 | D:3      | Reached skill level 5 in Poison Magic
  2250 | D:3      | Found a burning altar of Makhleb.
  2658 | D:3      | Learned a level 2 spell: Cure Poison
  2659 | D:4      | Noticed Blork the orc
  2666 | D:4      | Killed Blork the orc
  2709 | D:4      | Gained mutation: Scrolls take you a little longer to read. [potion of mutation]
  2709 | D:4      | Gained mutation: Your body sometimes deteriorates upon taking damage. [potion of mutation]
  2709 | D:4      | Gained mutation: Your mind is acute. (Int +2) [potion of mutation]
  2737 | D:4      | Noticed tp1's ghost (amateur DEFE)
  2744 | D:4      | Killed tp1's ghost
  2744 | D:4      | Reached XP level 6. HP: 28/41 MP: 4/11
  3062 | D:4      | Gained mutation: You are partially covered in rugged brown scales (AC +1, +3% HP). [demonic ancestry]
  3062 | D:4      | Reached XP level 7. HP: 42/48 MP: 7/12
  3076 | D:4      | Learned a level 2 spell: Stoneskin
  3119 | D:4      | Found an iron altar of Okawaru.
  3122 | D:4      | Found a blossoming altar of Fedhas.
  3125 | D:4      | Found a shattered altar of Ashenzari.
  3128 | D:4      | Found a basalt altar of Yredelemnul.
  3586 | D:5      | Entered Level 5 of the Dungeon
  3798 | D:5      | Reached skill level 6 in Poison Magic
  3805 | D:5      | Learned a level 4 spell: Olgreb's Toxic Radiance
  3827 | D:5      | Reached skill level 1 in Fighting
  4145 | D:5      | Reached skill level 1 in Air Magic
  4145 | D:5      | Reached XP level 8. HP: 52/55 MP: 11/14
  4237 | D:5      | Reached skill level 1 in Axes
  4312 | D:5      | Found a deep blue altar of Sif Muna.
  4346 | D:5      | Became a worshipper of Sif Muna the Loreminder
  5175 | D:6      | Noticed Pikel
  5185 | D:6      | Noticed Eustachio
  5200 | D:6      | Reached skill level 7 in Poison Magic
  5205 | D:6      | Killed Pikel
  5205 | D:6      | Reached * piety under Sif Muna
  5205 | D:6      | Reached skill level 5 in Spellcasting
  5205 | D:6      | Reached skill level 1 in Evocations
  5205 | D:6      | Gained mutation: You are mostly covered in rugged brown scales (AC +2, +5% HP). [demonic ancestry]
  5205 | D:6      | Reached XP level 9. HP: 42/64 MP: 7/16
  5230 | D:6      | Identified Sif Muna's Catalogue of Displacement (You found it on level 6 of the Dungeon)
  5234 | D:6      | Killed Eustachio
  5259 | D:6      | Learned a level 5 spell: Venom Bolt
  5304 | D:6      | Found a staircase to the Ecumenical Temple.
  5503 | D:5      | Learned a level 2 spell: Blink
  5516 | D:5      | Identified Sif Muna's Papyrus of the Many Seas
  5519 | D:5      | Learned a level 1 spell: Flame Tongue
  5777 | D:7      | Got an ancient shortbow
  5778 | D:7      | Identified the +5 shortbow "Ciwoig" {freeze, Dex+5} (You found it on level 7 of the Dungeon)
  6145 | D:8      | Noticed st0uf's ghost (novice NaEn)
  6154 | D:8      | Reached skill level 1 in Bows
  6164 | D:8      | HP: 3/65 [st0uf's ghost (5)]
  6181 | D:8      | Killed st0uf's ghost
  6181 | D:8      | Reached ** piety under Sif Muna
  6181 | D:8      | Reached skill level 1 in Fire Magic
  6181 | D:8      | Reached skill level 8 in Poison Magic
  6211 | D:8      | Gained mutation: You have large cloven feet. [demonic ancestry]
  6211 | D:8      | Reached XP level 10. HP: 16/73 MP: 14/19
  6231 | D:8      | Noticed an angel
  6232 | D:8      | Found a glowing silver altar of Zin.
  6304 | D:8      | Found Yjokesayk's Weapon Boutique.
  6327 | D:8      | Found a flagged portal.
  6331 | Bailey   | Entered a bailey
  6579 | Bailey   | Noticed an orc knight
  6603 | Bailey   | Noticed an orc knight
  6606 | Bailey   | Noticed an orc warlord
  6613 | Bailey   | Slain by an orc knight

Vault maps used:
D:1:      shiori_shiawase
D:2:      nicolae_dithmenos_through_a_glass_darkly
D:3:      kennysheep_the_goblin_king, nicolae_overflow_hidden_temple,
          ecumenical_altar_1, uniq_robin
D:4:      grunt_temple_overflow_cloverleaf, uniq_blork_the_orc
D:5:      first_bread, led_sif_book
D:6:      minmay_temple_entry_enclosed_plants, uniq_pikel, uniq_eustachio
D:7:      nrook_uturn
D:8:      kennysheep_little_box, zin_angel, enter_bailey_1, serial_shops, shop
Bailey:   bailey_axe_minmay_hex_keep, bailey

Action                   |  1- 3 |  4- 6 |  7- 9 | 10-12 || total
-------------------------+-------+-------+-------+-------++-------
Melee: Unarmed           |    85 |     2 |       |       ||    87
       Mace              |       |    53 |       |       ||    53
       Dagger            |       |     5 |       |       ||     5
       War axe           |       |    17 |   113 |    27 ||   157
 Fire: Shortbow          |       |       |    23 |     8 ||    31
 Cast: Sting             |    69 |    79 |    80 |    12 ||   240
       Mephitic Cloud    |       |     3 |     6 |     1 ||    10
       Flame Tongue      |       |       |     3 |       ||     3
       Olgreb's Toxic Ra |       |       |     2 |     3 ||     5
       Blink             |       |       |     2 |       ||     2
       Cure Poison       |       |       |     1 |     5 ||     6
Evoke: Wand              |       |       |     5 |       ||     5
  Use: Scroll            |     3 |     7 |    10 |       ||    20
       Potion            |       |     2 |     2 |     1 ||     5
 Stab: Confused          |       |     3 |     1 |       ||     4
       Sleeping          |       |       |     3 |       ||     3
  Eat: Meat ration       |     1 |     1 |     1 |       ||     3
       Royal jelly       |       |     1 |     1 |       ||     2
       Fruit             |       |       |     4 |       ||     4
       Beef jerky        |       |       |       |     1 ||     1
